[Event "WALTON 40th BAN-ch U20 Open 2022"]
[Site "Dhaka"]
[Date "2022.02.23"]
[Round "9.8"]
[White "Mohammad Shafiqul, Islam"]
[Black "Mortuza Muhtadi, Islam"]
[Result "1-0"]
[ECO "B01"]
[WhiteElo "1720"]
[BlackElo "1485"]
[Annotator "NA RC"]
[PlyCount "77"]
[EventDate "2022.02.15"]
[EventType "swiss"]
[EventCountry "BAN"]
[SourceTitle "playchess.com"]
[Source "ChessBase"]
[SourceQuality "1"]
[TimeControl "5400+30"]

1. e4 d5 2. exd5 Nf6 3. d4 Bg4 4. f3 Bf5 5. c4 e6 6. dxe6 Nc6 7. Be3 Bb4+ 8. Nc3 Qe7 9. Bd3 Qxe6 10. Bxf5 Qxe3+ 11. Qe2 Qxe2+ 12. Ngxe2 Bxc3+ 13. bxc3 Na5 14. Bd3 O-O-O 15. Kf2 Rhe8 16. g4 Re7 17. Ng3 g6 18. g5 Nd7 19. Rhe1 Rde8 20. Rxe7 Rxe7 21. Re1 Rxe1 22. Kxe1 Nb6 23. Ne4 Naxc4 24. Nf6 Nb2 25. Kd2 Nxd3 26. Kxd3 Nd7 27. Nxh7 Kd8 28. f4 Ke7 29. h4 Ke6 30. Ke4 f5+ 31. gxf6 Nxf6+ 32. Nxf6 Kxf6 33. c4 b6 34. a3 c6 35. d5 cxd5+ 36. cxd5 b5 37. Kd4 Ke7 38. Kc5 a6 39. Kc6 1-0